[Event "USA Championship Women 2021"]
[Site "Saint Louis"]
[Date "2021.10.09"]
[Round "4.4"]
[White "Paikidze, Nazi"]
[Black "Nemcova, Katerina"]
[Result "1/2-1/2"]
[ECO "D43"]
[WhiteElo "2374"]
[BlackElo "2331"]
[Annotator "RC"]
[PlyCount "95"]
[EventDate "2021.10.06"]
[EventCountry "USA"]
[SourceTitle "playchess.com"]
[Source "ChessBase"]
[SourceQuality "1"]
[TimeControl "40/5400+30:1800+30"]

1. d4 d5 2. Nf3 Nf6 3. c4 e6 4. Nc3 c6 5. Qd3 dxc4 6. Qxc4 b5 7. Qd3 a6 8. g4 c5 9. g5 Nd5 10. Nxd5 Qxd5 11. e4 Qd7 12. dxc5 Qxd3 13. Bxd3 Bxc5 14. Ke2 Nc6 15. Be3 Bxe3 16. Kxe3 Bb7 17. a4 bxa4 18. Rxa4 h6 19. Rc1 hxg5 20. Bxa6 Rxa6 21. Rxa6 Bxa6 22. Rxc6 Rh3 23. Rxa6 g4 24. Ra8+ Ke7 25. Ra7+ Kf6 26. Ra3 Rxf3+ 27. Ke2 Rf4 28. Ke3 g5 29. Rc3 Rf3+ 30. Ke2 Rf4 31. Ke3 Kg6 32. Ra3 Rf3+ 33. Ke2 Rf4 34. Ke3 Kh5 35. Ra7 Kh4 36. b4 Kh3 37. Ra5 Rf3+ 38. Ke2 f5 39. exf5 exf5 40. Kf1 Rb3 41. Rxf5 Rb1+ 42. Ke2 Rxb4 43. Rxg5 Kxh2 44. Kf1 Rb1+ 45. Ke2 Rb4 46. Kf1 Rb1+ 47. Ke2 Rb4 48. Kf1 1/2-1/2